 Dungeon Crawl Stone Soup version 0.25-a0-478-g33c61bdccf (webtiles) character file.

Game seed: 11262058662166751814, levelgen mode: deterministic

207 Esekla the Magician (level 5, 0/28 HPs)
             Began as a Deep Elf Wizard on Feb 8, 2020.
             Slain by an ogre
             ... wielding a +0 giant club
              (21 damage)
             ... on level 4 of the Dungeon.
             The game lasted 00:13:42 (2026 turns).

Esekla the Magician (Deep Elf Wizard)               Turns: 2026, Time: 00:13:43

Health: 0/28       AC:  4    Str:  5    XL:     5   Next: 54%
Magic:  7/16       EV: 13    Int: 23    God:
Gold:   54         SH:  0    Dex: 13    Spells: 8/17 levels left

rFire    . . .     SeeInvis .   f - +0 dagger
rCold    . . .     Gourm    .   (no shield)
rNeg     . . .     Faith    .   a - +0 robe
rPois    .         Spirit   .   p - +0 helmet
rElec    .         Reflect  .   (no cloak)
rCorr    .         Harm     .   o - +0 pair of gloves
MR       .....                  (no boots)
Stlth    ++........             (no amulet)
HPRegen  0.09/turn              (no ring)
MPRegen  0.15/turn              (no ring)

@: no status effects
A: no striking features
a: no special abilities


You were on level 4 of the Dungeon.
You were very hungry.

You visited 1 branch of the dungeon, and saw 5 of its levels.

You collected 54 gold pieces.

Inventory:

Hand Weapons
 f - a +0 dagger (weapon)
 m - a +0 spear
Armour
 a - a +0 robe (worn)
 o - a +0 pair of gloves (worn)
 p - a +0 helmet (worn)
Scrolls
 b - a scroll of fear {unknown}
 c - 2 scrolls of teleportation {unknown}
 e - a scroll of magic mapping {unknown}
 g - 2 scrolls of remove curse {unknown}
 i - a scroll of amnesia {unknown}
 k - a scroll of enchant armour {unknown}
 l - a scroll of identify {unknown}
Potions
 h - 2 potions of curing {unknown}
 j - a potion of berserk rage {unknown}
 n - a potion of resistance {unknown}
Comestibles
 d - 4 rations


   Skills:
 + Level 0.3 Short Blades
 * Level 3.1 Dodging
 - Level 2.6 Stealth
 * Level 6.8 Spellcasting
 + Level 1.8 Conjurations
   Level 1.1 Summonings
 * Level 1.9 Translocations
 * Level 1.0 Fire Magic
 * Level 1.3 Air Magic
 * Level 1.0 Poison Magic


You had 8 spell levels left.
You knew the following spells:

 Your Spells              Type           Power        Failure   Level  Hunger
a - Magic Dart            Conj           ###.         3%          1    None
b - Blink                 Tloc           N/A          5%          2    None
c - Mephitic Cloud        Conj/Pois/Air  ##......     13%         3    None
f - Conjure Flame         Conj/Fire      ##......     13%         3    None

Your spell library contained the following spells:

 Spells                   Type           Power        Failure   Level  Hunger
 Call Imp                 Summ           ##......     8%          2    None
 Slow                     Hex            #.......     12%         2    None


Dungeon Overview and Level Annotations

Branches:
Dungeon (5/15)
 Temple: D:4-7

Altars:


Message History

Confirm with . or Enter, or press ? or * to list all spells.
Aiming: Mephitic Cloud (safe; 13% risk of failure)
Press: ? - help, Shift-Dir - straight line, f - scorpion, p - ogre
Aim: a scorpion The ball explodes into a vile cloud!
The stinking cloud engulfs the scorpion but does no damage.
The stinking cloud engulfs the ogre but does no damage.
The ogre is heavily wounded.
The ogre cries.
The scorpion is engulfed in noxious fumes.
The scorpion appears confused.
You completely miss the scorpion.
The scorpion is lightly wounded.
The scorpion is engulfed in noxious fumes.
The scorpion appears confused.
You hit the ogre.
The ogre is severely wounded.
The ogre hits you with a +0 giant club!!
Ouch! That really hurt!
You die...

#####.##...#.###.....
#....................
#.###.######.#.......
#......>...........
#.#.#####....#.....
#....###......#####
#........##.....
#....######.#....
#.@...........###
#O.○°######
#..○s.....#
#.#..○..#.#
#.#.......#
#.#.....#.#
#.#...#..).
####+####.# ##


You could see an ogre (confused) and a scorpion (confused).

Vanquished Creatures
  An ogre (D:4)
  A jelly (D:5)
  A worker ant (D:5)
  2 adders (D:4)
  A shadow imp (D:5)
  An ooze (D:4)
  2 worms
  A leopard gecko (D:2)
  An orc (D:4)
  A ball python (D:4)
  A giant cockroach (D:1)
  3 goblins
  3 hobgoblins (D:1)
  3 jackals
  4 kobolds
  2 bats (D:1)
  2 frilled lizards (D:1)
  3 rats (D:2)
33 creatures vanquished.

Notes
Turn   | Place    | Note
-------+----------+-------------------------------------------
     0 | D:1      | Esekla the Deep Elf Wizard began the quest for the Orb.
     0 | D:1      | Reached XP level 1. HP: 10/10 MP: 7/7
   306 | D:1      | Reached XP level 2. HP: 9/15 MP: 6/9
   307 | D:1      | Reached skill level 5 in Spellcasting
   643 | D:1      | Learned a level 2 spell: Blink
  1055 | D:1      | Reached XP level 3. HP: 16/19 MP: 2/12
  1060 | D:1      | Learned a level 3 spell: Mephitic Cloud
  1064 | D:1      | Learned a level 3 spell: Conjure Flame
  1342 | D:4      | Noticed an ogre
  1485 | D:4      | Killed an ogre
  1485 | D:4      | Reached skill level 6 in Spellcasting
  1485 | D:4      | Reached skill level 1 in Air Magic
  1485 | D:4      | Reached XP level 4. HP: 24/24 MP: 2/14
  1571 | D:5      | Entered Level 5 of the Dungeon
  1583 | D:5      | Noticed an ice beast
  1626 | D:5      | Reached XP level 5. HP: 17/28 MP: 7/15
  1830 | D:5      | Reached skill level 1 in Fire Magic
  1830 | D:5      | Reached skill level 1 in Poison Magic
  1982 | D:4      | Noticed an ogre
  2026 | D:4      | Slain by an ogre

Levels and vault maps discovered:
D:1:      psy_arrival_conway, layout_basic
D:2:      layout_basic, serial_glass, glass_columns_b, glass_columns_a,
          minmay_strange_pillars, uniq_terence, uniq_crazy_yiuf_cottage
D:3:      layout_loops_corners, lemuel_blue_sif_altar, kennysheep_cross_room,
          grunt_decor_cap, minmay_fractal_squares_gapless_5
D:4:      layout_basic, lemuel_crystal_altar, gammafunk_temple_overflow_pools
D:5:      layout_rooms, first_ration, hangedman_decor_diamond_cutter

Skill      XL: |  1  2  3  4  5 |
---------------+----------------+-----
Spellcasting   | 5 6 |  6.8
Dodging        | 3 |  3.1
Air Magic      | 1 |  1.3
Fire Magic     | 1 |  1.0
Poison Magic   | 1 |  1.0
Short Blades   | |  0.3
Stealth        | |  2.6
Conjurations   | |  1.8
Summonings     | |  1.1
Translocations | |  1.9

Action                   |  1- 3 |  4- 6 || total
-------------------------+-------+-------++-------
Melee: Dagger            |    24 |     6 ||    30
 Cast: Magic Dart        |    91 |    37 ||   128
       Conjure Flame     |     2 |     1 ||     3
       Mephitic Cloud    |     1 |     2 ||     3
       Blink             |       |     2 ||     2
 Stab: Confused          |     1 |       ||     1
       Sleeping          |     1 |       ||     1
  Eat: Chunk             |     2 |       ||     2
Armor: Robe              |     8 |     5 ||    13
Dodge: Dodged            |    23 |     9 ||    32

Table legend:
 A = Non-vault XP
 B = Vault XP
 C = Vault XP percentage of total XP
 D = Non-vault monster count
 E = Vault monster count
 F = Vault count percentage of total count
                 A         B        C        D         E       F
            +---------+---------+-------+---------+---------+-------
      Total |     296 |       0 |   0.0 |      33 |       0 |   0.0
            +---------+---------+-------+---------+---------+-------
        D:1 |      29 |       0 |   0.0 |      15 |       0 |   0.0
        D:2 |      12 |       0 |   0.0 |       7 |       0 |   0.0
        D:3 |       6 |       0 |   0.0 |       2 |       0 |   0.0
        D:4 |     161 |       0 |   0.0 |       6 |       0 |   0.0
        D:5 |      88 |       0 |   0.0 |       3 |       0 |   0.0
            +---------+---------+-------+---------+---------+-------
